 Dungeon Crawl Stone Soup version 0.28-a0-664-gc179e30c89 (webtiles) character file.

Game seed: 9825293421657685649

1007 lawman0 the Digger (level 8, -1/74 HPs)
             Began as a Troll Earth Elementalist on Oct 15, 2021.
             Was a Priest of Lugonu.
             Killed from afar by a steam dragon (16 damage)
             ... with a ball of steam
             ... on level 8 of the Dungeon.
             The game lasted 00:09:51 (5165 turns).

lawman0 the Digger (Troll Earth Elementalist)       Turns: 5165, Time: 00:09:52

Health: -1/74      AC:  4    Str: 17    XL:     8   Next: 0%
Magic:  7/10       EV:  7    Int: 13    God:    Lugonu [***...]
Gold:   326        SH:  6    Dex: 10    Spells: 6/12 levels left

rFire   . . .      SeeInvis .     - Unarmed
rCold   . . .      Faith    .   y - +0 kite shield
rNeg    . . .      Spirit   .   b - +0 robe
rPois   .          Reflect  .   (helmet restricted)
rElec   .          Harm     .   (no cloak)
rCorr   +          Rampage  .   (gloves unavailable)
Will    .....                   (boots unavailable)
Stlth   +.........              (no amulet)
HPRegen 1.22/turn               a - ring of resist corrosion
MPRegen 0.12/turn               (no ring)

@: mighty, attractive
A: large, unfitting armour, claws 3, regeneration 1, shaggy fur 1, tough skin 1
a: Renounce Religion, Depart the Abyss, Bend Space, Banish


You were on level 8 of the Dungeon.
You worshipped Lugonu.
Lugonu was most pleased with you.
You visited 1 branch of the dungeon, and saw 6 of its levels.

You collected 326 gold pieces.

Inventory:

Hand Weapons
 l - a +2 flail of protection
Missiles
 c - 57 stones (quivered)
 u - 12 poisoned darts
Armour
 b - a +0 robe (worn)
 y - a +0 kite shield (worn)
Jewellery
 a - a ring of resist corrosion (left claw)
 v - the ring "Heobiri" {rF+ Str+6}
   (You found it on level 4 of the Dungeon)

   [ring of strength]

   Str:       It affects your strength (+6).
   rF:        It protects you from fire.
Wands
 s - a wand of charming (9)
 t - a wand of paralysis (13)
 w - a wand of acid (8)
 x - a wand of polymorph (8)
 C - a wand of flame (16)
Scrolls
 f - a scroll of teleportation
 h - a scroll of immolation {unknown}
 i - a scroll of enchant armour {unknown}
 j - 2 scrolls of amnesia
 n - 2 scrolls of fog
 z - 2 scrolls of silence {unknown}
 B - a scroll of magic mapping {unknown}
Potions
 d - 2 potions of brilliance {unknown}
 e - a potion of degeneration {unknown}
 g - a potion of curing {unknown}
 k - a potion of experience {unknown}
 o - a potion of invisibility {unknown}
 p - a potion of attraction
 q - a potion of might
 r - a potion of ambrosia {unknown}
 A - a potion of lignification {unknown}


   Skills:
 * Level 2.4 Fighting
 + Level 2.1 Dodging
 + Level 1.1 Stealth
 * Level 1.0 Shields
 * Level 3.4 Unarmed Combat
 + Level 2.5 Spellcasting
 * Level 2.4 Transmutations
 * Level 4.9 Earth Magic
 * Level 2.5 Invocations


You had 6 spell levels left.
You knew the following spells:

 Your Spells              Type           Power      Damage    Failure   Level
a - Sandblast             Erth           28%        2d8       19%         1
b - Passwall              Tmut/Erth      9%         N/A       41%         2
c - Stone Arrow           Conj/Erth      16%        3d8       82%         3

Your spell library contained the following spells:

 Spells                   Type           Power      Damage    Failure   Level
 Petrify                  Tmut/Erth      11%        N/A       96%         4


Dungeon Overview and Level Annotations

Branches:
Dungeon (5/15)             Temple (0/1) D:5

Altars:
Kikubaaqudgha
Vehumet
Wu Jian
Yredelemnul
Lugonu

Shops:
D:4 (   D:8 (


Innate Abilities, Weirdness & Mutations

You are too large for most types of armour.
You have claws for hands.
Your natural rate of healing is unusually fast.
You are covered in fur. (AC +1)
You have tough skin. (AC +1)


Message History

The blast of sand hits the steam dragon.
The steam dragon is lightly wounded.
c - 58 stones The steam dragon bites you but does no damage.
The steam dragon claws you.
Unknown command.
Unknown command.
Unknown command.
Throw: 58 stones
Press: ? - help, Q - select action, (/) - cycle Shift-Dir - straight line, f/p - steam dragon
Aim: a steam dragon (lightly wounded, 56% to hit)
You throw a stone.
The stone closely misses the steam dragon.
The steam dragon bites you! The steam dragon claws you.
The steam dragon breathes steam at you. The ball of steam hits you!!
Throw: large rock
Press: ? - help, Q - select action, (/) - cycle Shift-Dir - straight line, f/p - steam dragon
Aim: a steam dragon (lightly wounded, catching its breath, 56% to hit)
You throw a large rock.
The large rock barely misses the steam dragon.
You are engulfed in a cloud of scalding steam.
* * * LOW HITPOINT WARNING * * *
The steam dragon closely misses you.
The steam dragon claws you but does no damage.
The steam dragon bites you!
* * * LOW HITPOINT WARNING * * *
The steam dragon claws you.
* * * LOW HITPOINT WARNING * * *
Okay, then.
Space bends around you!
You blink.
It was a potion of attraction.
You feel attractive to monsters.
Your magical contamination has completely faded away.
The steam dragon is attracted toward you.
It was a potion of might.
You feel very mighty all of a sudden. The steam dragon breathes steam at you.
The ball of steam hits you!
You die...

####### ###########
...... # #
#........[#.##....##
.# .#
..........#........#
.#...
#.........#........#
.(..
#..<......#........#
#..# #.........#
.#..@D###...#
#.........#........§§#
#.........##.##.....##
#.........##[#####..#
#.........##........#
#####.############.##
##.##.# ##.#.#
#...#.#########....###
....>................+


You could see a steam dragon (catching breath).

Vanquished Creatures
  Prince Ribbit (D:8)
  A black bear (D:4)
  A necrophage (D:4)
  A water moccasin zombie (D:5)
  A wyvern skeleton (D:5)
  A water moccasin skeleton (D:4)
  A centaur zombie (D:8)
  An orc priest (D:2)
  An iguana (D:4)
  An orc wizard (D:4)
  9 gnolls
  3 adders
  2 ufetubi (D:4)
  3 worms (D:2)
  3 dart slugs
  9 orcs
  9 endoplasms
  6 giant cockroaches
  6 goblins
  9 hobgoblins
  6 jackals (D:1)
  7 kobolds
  4 quokkas
  6 ball pythons
  6 bats
  5 frilled lizards (D:1)
  8 rats
  A spectral orc (D:3)
112 creatures vanquished.

Vanquished Creatures (others)
  A human (D:4)
  8 plants (D:5)
9 creatures vanquished.

Grand Total: 121 creatures vanquished

Notes
Turn   | Place    | Note
-------+----------+-------------------------------------------
     0 | D:1      | lawman0 the Troll Earth Elementalist began the quest for
                  | the Orb.
     0 | D:1      | Reached XP level 1. HP: 16/16 MP: 1/1
   174 | D:1      | Reached skill level 3 in Earth Magic
   180 | D:1      | Reached XP level 2. HP: 26/26 MP: 2/2
   388 | D:1      | Reached XP level 3. HP: 32/32 MP: 0/4
   462 | D:1      | Reached skill level 1 in Transmutations
   696 | D:1      | Reached skill level 1 in Unarmed Combat
   761 | D:1      | Found a faded altar of an unknown god.
   779 | D:1      | Prayed at the altar of an unknown god.
   779 | D:1      | Became a worshipper of Lugonu the Unformed
   779 | D:1      | Reached * piety under Lugonu
   779 | D:1      | Reached ** piety under Lugonu
   780 | D:1      | lol
   780 | D:1      | eah ok
   801 | D:1      | Learned a level 2 spell: Passwall
  1270 | D:2      | Reached XP level 4. HP: 22/40 MP: 1/5
  1417 | D:2      | Reached skill level 1 in Fighting
  1422 | D:2      | Learned a level 3 spell: Stone Arrow
  1619 | D:2      | Reached XP level 5. HP: 34/48 MP: 6/6
  2229 | D:3      | Found a basalt altar of Yredelemnul.
  2481 | D:3      | Reached *** piety under Lugonu
  2958 | D:4      | Reached skill level 4 in Earth Magic
  2958 | D:4      | Reached skill level 1 in Invocations
  2977 | D:4      | Found an ancient bone altar of Kikubaaqudgha.
  3013 | D:4      | Found an ornate altar of the Wu Jian Council.
  3058 | D:4      | Noticed a necrophage
  3070 | D:4      | Killed a necrophage
  3071 | D:4      | Reached XP level 6. HP: 47/55 MP: 1/7
  3406 | D:4      | Found Piomig's Antique Weapon Shop.
  3512 | D:4      | Found a radiant altar of Vehumet.
  3619 | D:4      | Noticed a human
  3620 | D:4      | Killed a human
  3763 | D:4      | Identified the ring "Heobiri" {rF+ Str+6}
  4163 | D:5      | Entered Level 5 of the Dungeon
  4170 | D:5      | Found a staircase to the Ecumenical Temple.
  4237 | D:5      | Reached XP level 7. HP: 55/63 MP: 4/9
  4666 | D:5      | You fall into a shaft and drop 3 floors!
  4715 | D:8      | Found Juatuew's Weapon Shop.
  4782 | D:8      | Noticed Prince Ribbit
  4802 | D:8      | Killed Prince Ribbit
  4922 | D:8      | Reached skill level 1 in Shields
  4922 | D:8      | Reached XP level 8. HP: 74/74 MP: 0/10
  5165 | D:8      | Killed from afar by a steam dragon

Illustrated notes

# ####### ..##) ...#
...###.###########
##..⌠#†..........#
#...†#.#########.#
#..@......######.###
#..######.......>...
##. #######.### #.
#.# .. #.# #. #.# #.
#.. #. ##. .


Turn 780 on D:1: lol

Levels and vault maps discovered:
D:1:      roderic_octagonal_star, layout_loops_ring,
          ebering_ecumenical_altar_abandoned
D:2:      layout_loops_ring
D:3:      layout_rooms, yredelemnul_forgotten_temple_becter,
          guppyfry_early_orc_mine
D:4:      layout_layer_cave, nicolae_wu_jian_immortal_techniques,
          general_overflow_altar, tgw_kikubaaqudgha, serial_shops,
          nicolae_shop_competitors_out_of_business
D:5:      layout_basic, minmay_temple_entry_trees, serial_bayou,
          serial_bayou_shore_a, serial_bayou_pond_e, serial_bayou_lake_a,
          serial_bayou_ford_a, minmay_misc_feat_columns
D:8:      layout_loops_corners, mainiacjoe_overflow_divided_tiny, serial_shops,
          nicolae_lakefront_shop, uniq_prince_ribbit1

Skill      XL: |  1  2  3  4  5  6  7 |
---------------+----------------------+-----
Earth Magic    | 3 4 |  4.9
Transmutations | 1 2 |  2.4
Unarmed Combat | 1 2 3 |  3.4
Fighting       | 1 2 |  2.4
Invocations    | 1 2 |  2.5
Spellcasting   | 2 |  2.5
Dodging        | 2 |  2.1
Shields        | 1 |  1.0
Stealth        | |  1.1

Action                   |  1- 3 |  4- 6 |  7- 9 || total
-------------------------+-------+-------+-------++-------
Melee: Unarmed           |    77 |   113 |    44 ||   234
Throw: Stone             |       |       |     2 ||     2
       Large rock        |       |       |     2 ||     2
 Cast: Sandblast         |    33 |    70 |    29 ||   132
       Stone Arrow       |       |       |     1 ||     1
Invok: Bend Space        |       |     2 |     1 ||     3
       Banish            |       |       |     2 ||     2
  Use: Scroll            |       |     3 |       ||     3
       Potion            |       |       |     2 ||     2
 Stab: Sleeping          |     1 |     1 |       ||     2
Armor: Robe              |    35 |    24 |    13 ||    72
Dodge: Dodged            |    45 |    62 |    24 ||   131
Block: Kite shield       |       |       |    16 ||    16

Table legend: (Time is in decaauts)
 A = Elapsed time spent in this place.
 B = Non-inter-level travel time spent in this place.
 C = Inter-level travel time spent in this place.
 D = Time resting spent in this place.
 E = Time spent auto-exploring this place.
 F = Levels seen in this place.
 G = Mean time per level.
                   A        B        C        D        E       F      G
               +--------+--------+--------+--------+--------+-----+--------+
         Total |   5175 |   5118 |     57 |    348 |   3896 |   6 |  862.5 |
       Dungeon |   5175 |   5118 |     57 |    348 |   3896 |   6 |  862.5 |
               +--------+--------+--------+--------+--------+-----+--------+

Top non-repeatable levels by time:
     D:4: 1481 daAuts
     D:2: 1123 daAuts
     D:1: 1067 daAuts
     D:5: 515 daAuts
     D:8: 503 daAuts
     D:3: 483 daAuts
